 Dungeon Crawl Stone Soup version 0.23-a0-386-g9c9d49f (webtiles) character file.

129 Cryolive the Digger (level 5, -3/28 HPs)
             Began as a Gargoyle Earth Elementalist on Oct 28, 2018.
             Slain by Menkaure (9 damage)
             ... on level 4 of the Dungeon.
             The game lasted 00:06:32 (4018 turns).

Cryolive the Digger (Gargoyle Earth Elementalist)   Turns: 4018, Time: 00:06:33

Health: -3/28      AC:  8    Str: 12    XL:     5   Next: 12%
Magic:  1/10       EV: 11    Int: 16    God:
Gold:   189        SH:  3    Dex: 10    Spells: 1/10 levels left

rFire    . . .     SeeInvis .   i - +0 whip
rCold    . . .     Gourm    .   k - +0 buckler
rNeg     + . .     Faith    .   l - +0 robe {MR+}
rPois    ∞         Spirit   .   (no helmet)
rElec    +         Reflect  .   n - +0 cloak
rCorr    .         Harm     .   q - +0 pair of gloves
MR       +....                  (no boots)
Stlth    ++........             (no amulet)
HPRegen  0.09/turn              (no ring)
MPRegen  0.12/turn              (no ring)

@: very slightly contaminated
A: negative energy resistance 1, electricity resistance, unbreathing,
petrification resistance, rot immunity, AC +4
a: no special abilities


You were on level 4 of the Dungeon.
You were not hungry.

You visited 1 branch of the dungeon, and saw 4 of its levels.

You collected 189 gold pieces.

Inventory:

Hand Weapons
 i - a +0 whip (weapon)
Missiles
 b - 121 stones (quivered)
Armour
 c - a +0 robe
 k - a +0 buckler (worn)
 l - a +0 robe of magic resistance (worn)
 n - a +0 cloak (worn)
 q - a +0 pair of gloves (worn)
Scrolls
 e - 3 scrolls of remove curse {unknown}
 g - 7 scrolls of identify {unknown}
 j - a scroll of teleportation {unknown}
 m - a scroll of random uselessness {unknown}
 p - 2 scrolls of fear {unknown}
 r - a scroll of enchant weapon {unknown}
Potions
 a - a potion of heal wounds {unknown}
 f - a potion of lignification {unknown}
 h - a potion of curing
 o - a potion of brilliance {unknown}
 s - a potion of haste {unknown}
Comestibles
 d - 8 rations
 t - a chunk of flesh


   Skills:
 + Level 0.0 Fighting
 + Level 0.0 Armour
 + Level 1.5 Dodging
 - Level 2.1 Stealth
 + Level 0.0 Shields
 + Level 3.4 Spellcasting
 + Level 1.7 Conjurations
   Level 0.7 Transmutations
 + Level 5.2 Earth Magic


You had one spell level left.
You knew the following spells:

 Your Spells              Type           Power        Failure   Level  Hunger
a - Sandblast             Erth           ###...       3%          1    None
b - Stone Arrow           Conj/Erth      ##....       22%         3    ###....
c - Lee's Rapid Deconstr  Erth           ###.......   69%         5    ######.

Your spell library contained the following spells:

 Spells                   Type           Power        Failure   Level  Hunger
 Passwall                 Tmut/Erth      ##......     14%         2    ##.....
 Petrify                  Tmut/Erth      ##......     65%         4    ####...


Dungeon Overview and Level Annotations

Branches:
Dungeon (4/15)
 Temple: D:4-7

Altars:
Ashenzari
Cheibriados
Elyvilon
Xom

Annotations:
D:4 Menkaure


Innate Abilities, Weirdness & Mutations

You are resistant to torment.
Your stone body is resilient. (AC +4)
You are immune to poison.
You resist negative energy. (rN+)
You are resistant to electric shocks. (rElec)
You can survive without breathing.
You are immune to petrification.
You are immune to rotting.


Message History

Unknown command.
Casting: Stone Arrow (safe; 22% risk of failure)
Confirm with . or Enter, or press ? or * to list all spells.
Aiming: Sandblast (safe; 3% risk of failure)
Press: ? - help, Shift-Dir - straight line, f/p - Menkaure
Aim: Menkaure (heavily damaged)
You miscast Sandblast.
Nothing appears to happen.
Menkaure hits you!
You hit Menkaure.
Menkaure is heavily damaged.
Menkaure barely misses you.
You hit Menkaure but do no damage.
Menkaure is heavily damaged.
Menkaure points at you and mumbles some strange words.
Pain shoots through your body!
* * * LOW HITPOINT WARNING * * *
You hit Menkaure.
Menkaure is severely damaged.
Menkaure hits you!
You die...

#.##..#.##
####.##.###.......
#........#.......#
#.##.####..#####.#
#.##.# #.# #.##.#
###.### #.##.#
#.....#
#.##.###.###.###.##.#
#........# #.@M.....#
#.##.###.# #.##.#####
#.##.# #...... ..
#.##)# ###.### #.#
.....# #.# # #.# # #
... #.


You could see Menkaure.

Vanquished Creatures
  A worker ant (D:4)
  6 adders
  An ooze (D:4)
  An adder skeleton (D:4)
  A dart slug (D:4)
  2 leopard geckos
  3 giant cockroaches
  6 goblins
  5 hobgoblins
  4 kobolds
  2 quokkas
  5 bats
  2 frilled lizards
  5 rats
44 creatures vanquished.

Notes
Turn   | Place    | Note
-------+----------+-------------------------------------------
     0 | D:1      | Cryolive the Gargoyle Earth Elementalist began the quest
                  | for the Orb.
     0 | D:1      | Reached XP level 1. HP: 10/10 MP: 3/3
   772 | D:1      | Reached XP level 2. HP: 13/15 MP: 1/5
   839 | D:1      | Reached skill level 4 in Earth Magic
  1321 | D:2      | Reached XP level 3. HP: 4/19 MP: 4/6
  1891 | D:2      | Learned a level 3 spell: Stone Arrow
  1895 | D:2      | Found a shimmering altar of Xom.
  1896 | D:2      | Found a white marble altar of Elyvilon.
  1897 | D:2      | Found a shattered altar of Ashenzari.
  2424 | D:3      | Reached XP level 4. HP: 19/24 MP: 8/8
  2850 | D:3      | Reached skill level 1 in Conjurations
  2987 | D:3      | Reached skill level 5 in Earth Magic
  3355 | D:3      | Found a snail-covered altar of Cheibriados.
  3774 | D:4      | Reached XP level 5. HP: 11/28 MP: 6/10
  3989 | D:4      | Learned a level 5 spell: Lee's Rapid Deconstruction
  4010 | D:4      | Noticed Menkaure
  4018 | D:4      | Slain by Menkaure

Vault maps used:
D:1:      nagdon_arrival_double_spiral
D:2:      nicolae_overflow_hidden_temple
D:3:      nicolae_overflow_crystal_walls, kennysheep_generic_room_11
D:4:      minmay_temple_entry_enclosed_plants, lemuel_tele_altar, uniq_menkaure,
          uniq_natasha

Skill      XL: |  1  2  3  4 |
---------------+-------------+-----
Earth Magic    | 4 5 |  5.2
Spellcasting   | 3 |  3.4
Conjurations   | 1 |  1.7
Dodging        | |  1.5
Stealth        | |  2.1
Transmutations | |  0.7

Action                   |  1- 3 |  4- 6 || total
-------------------------+-------+-------++-------
Melee: Unarmed           |    46 |       ||    46
       Whip              |    91 |    73 ||   164
 Cast: Sandblast         |    12 |    13 ||    25
       Stone Arrow       |       |     2 ||     2
 Stab: Sleeping          |     3 |     2 ||     5
  Eat: Chunk             |     5 |     5 ||    10
Armor: Robe              |    56 |    19 ||    75
Dodge: Dodged            |   113 |    53 ||   166
Block: Buckler           |     4 |     7 ||    11

Table legend:
 A = Non-vault XP
 B = Vault XP
 C = Vault XP percentage of total XP
 D = Non-vault monster count
 E = Vault monster count
 F = Vault count percentage of total count
                 A         B        C        D         E       F
            +---------+---------+-------+---------+---------+-------
      Total |     185 |       0 |   0.0 |      44 |       0 |   0.0
            +---------+---------+-------+---------+---------+-------
        D:1 |      14 |       0 |   0.0 |       9 |       0 |   0.0
        D:2 |      65 |       0 |   0.0 |      19 |       0 |   0.0
        D:3 |      51 |       0 |   0.0 |       9 |       0 |   0.0
        D:4 |      55 |       0 |   0.0 |       7 |       0 |   0.0
            +---------+---------+-------+---------+---------+-------
